ESL (28 & UNDER)
BUFFALO LIGHTSABRES @ READING RAINBOWS
06/07/2030
 
TOP OF THE 1ST
Buffalo LightSabres batting - Pitching for Reading Rainbows : RHP Paul Orr
Pitching: RHP Paul Orr
Batting: RHB Mike Wagner 0-0: Called Strike
0-1: Ball
1-1: SINGLE (Groundball, 56D)
Batting: LHB Tim Griffith 0-0: Ball
1-0: Ball
2-0: Ground out 3-1 (Groundball, 34S)
Mike Wagner to second
Batting: RHB Augusto Padilla 0-0: Called Strike
0-1: Swinging Strike
0-2: Ball
1-2: Strikes out swinging
Batting: LHB Garrett King 0-0: Ball
1-0: SINGLE (Groundball, 34D)
Mike Wagner to third
Runner from 3rd tries for Home, SAFE, throw made home
Batting: LHB Rob Davidson 0-0: Called Strike
0-1: Ball
1-1: Called Strike
1-2: Ball
2-2: Ball
3-2: Strikes out swinging
Top of the 1st over - 1 run, 2 hits, 0 errors, 1 left on base; Buffalo 1 - Reading 0
BOTTOM OF THE 1ST
Reading Rainbows batting - Pitching for Buffalo LightSabres : RHP Stan Payne
Pitching: RHP Stan Payne
Batting: LHB Ismael Barajas 0-0: Ball
1-0: Called Strike
1-1: Called Strike
1-2: Ball
2-2: Fly out, F9 (Flyball, 89D)
Batting: LHB Ramón Morán 0-0: Foul Ball, location: 2F
0-1: Foul Ball, location: 2F
0-2: Foul Ball, location: 2F
0-2: Strikes out swinging
Batting: LHB Víctor Peña 0-0: Ball
1-0: Fly out, F5 (Popup, 25F)
Bottom of the 1st over - 0 runs, 0 hits, 0 errors, 0 left on base; Buffalo 1 - Reading 0
TOP OF THE 2ND
Buffalo LightSabres batting - Pitching for Reading Rainbows : RHP Paul Orr
Batting: RHB Pat McDonald 0-0: Foul Ball, location: 2F
0-1: Ball
1-1: Ball
2-1: SINGLE (Flyball, 8LS)
Batting: RHB Abraham Hardy 0-0: Called Strike
0-1: Called Strike
0-2: Ball
1-2: Fly out, F8 (Flyball, 8RXD)
Batting: RHB Sean King 0-0: Ball
1-0: Ball
2-0: Foul Ball, location: 2F
2-1: Ball
3-1: Foul Ball, location: 2F
3-2: Strikes out looking
Batting: LHB Júlio Córdova 0-0: Ball
1-0: Fly out, F7 (Flyball, 7D)
Top of the 2nd over - 0 runs, 1 hit, 0 errors, 1 left on base; Buffalo 1 - Reading 0
BOTTOM OF THE 2ND
Reading Rainbows batting - Pitching for Buffalo LightSabres : RHP Stan Payne
Batting: RHB Edmund Swanson 0-0: Ball
1-0: Called Strike
1-1: Fly out, F8 (Line Drive, 8RM)
Batting: RHB Richard Case 0-0: SINGLE (Line Drive, 9S)
Batting: RHB José Moreno 0-0: Ball
1-0: Ball
2-0: Fielders Choice at 2nd, 6-4 (Groundball, 6)
Batting: RHB Spike Kennedy 0-0: Called Strike
José Moreno steals 2nd base
0-1: Ground out U3 (Groundball, 34S)
Bottom of the 2nd over - 0 runs, 1 hit, 0 errors, 1 left on base; Buffalo 1 - Reading 0
TOP OF THE 3RD
Buffalo LightSabres batting - Pitching for Reading Rainbows : RHP Paul Orr
Batting: RHB Mike Wagner 0-0: Ball
1-0: Foul Ball, location: 2F
1-1: SOLO HOME RUN (Flyball, 7LD), Distance : 362 ft
Batting: LHB Tim Griffith 0-0: Called Strike
0-1: Foul Ball, location: 2F
0-2: Ball
1-2: Strikes out swinging
Batting: RHB Augusto Padilla 0-0: Ball
1-0: Called Strike
1-1: Foul Ball, location: 2F
1-2: Foul Ball, location: 2F
1-2: Foul Ball, location: 2F
1-2: SINGLE (Groundball, 56D)
Batting: LHB Garrett King 0-0: Ball
1-0: Swinging Strike
Balk!
Augusto Padilla to second
1-1: Ball
2-1: Foul Ball, location: 2F
2-2: Ball
3-2: Strikes out swinging
Batting: LHB Rob Davidson 0-0: Called Strike
0-1: Ground out 6-3 (Groundball, 6)
Top of the 3rd over - 1 run, 2 hits, 0 errors, 1 left on base; Buffalo 2 - Reading 0
BOTTOM OF THE 3RD
Reading Rainbows batting - Pitching for Buffalo LightSabres : RHP Stan Payne
Batting: SHB Johnny Jackson 0-0: Ball
1-0: Foul Ball, location: 2F
1-1: Ball
2-1: Swinging Strike
2-2: Strikes out swinging
Batting: RHB Jesús Chávez 0-0: Foul Ball, location: 2F
0-1: Ground out 5-3 (Groundball, 5)
Batting: LHB Ismael Barajas 0-0: Ball
1-0: Foul Ball, location: 2F
1-1: Ball
2-1: Ball
3-1: Base on Balls
Batting: LHB Ramón Morán 0-0: Ball
1-0: Foul Ball, location: 2F
1-1: Ball
2-1: Called Strike
2-2: Fly out, F7 (Flyball, 7LM)
Bottom of the 3rd over - 0 runs, 0 hits, 0 errors, 1 left on base; Buffalo 2 - Reading 0
TOP OF THE 4TH
Buffalo LightSabres batting - Pitching for Reading Rainbows : RHP Paul Orr
Batting: RHB Pat McDonald 0-0: Ball
1-0: Ball
2-0: Called Strike
2-1: Swinging Strike
2-2: Fly out, F9 (Flyball, 89D)
Batting: RHB Abraham Hardy 0-0: Called Strike
0-1: Swinging Strike
0-2: Foul Ball, location: 2F
0-2: Foul Ball, location: 2F
0-2: Ball
1-2: Ball
2-2: Ball
3-2: Foul Ball, location: 2F
3-2: Foul Ball, location: 2F
3-2: SOLO HOME RUN (Flyball, 9D), Distance : 359 ft
Batting: RHB Sean King 0-0: Ball
1-0: Ball
2-0: Called Strike
2-1: SINGLE (Groundball, 6MD)
Batting: LHB Júlio Córdova 0-0: Ball
1-0: Called Strike
1-1: Ball
2-1: Foul Ball, location: 2F
2-2: Ball
3-2: Strikes out looking
Sean King is caught stealing 2nd base
Batter strikes out.
Top of the 4th over - 1 run, 2 hits, 0 errors, 0 left on base; Buffalo 3 - Reading 0
BOTTOM OF THE 4TH
Reading Rainbows batting - Pitching for Buffalo LightSabres : RHP Stan Payne
Batting: LHB Víctor Peña 0-0: Swinging Strike
0-1: SINGLE (Line Drive, 9S)
Batting: RHB Edmund Swanson 0-0: Foul Ball, location: 2F
0-1: Swinging Strike
0-2: Ball
1-2: Ball
2-2: Strikes out looking
Batting: RHB Richard Case 0-0: Grounds into double play, 6-4-3 (Groundball, 6)
Bottom of the 4th over - 0 runs, 1 hit, 0 errors, 0 left on base; Buffalo 3 - Reading 0
TOP OF THE 5TH
Buffalo LightSabres batting - Pitching for Reading Rainbows : RHP Paul Orr
Batting: RHB Mike Wagner 0-0: Called Strike
0-1: SINGLE (Line Drive, 9LS)
Batting: LHB Tim Griffith 0-0: Ball
1-0: Ball
2-0: SINGLE (Groundball, 56) (infield hit)
Mike Wagner to second
Batting: RHB Augusto Padilla 0-0: Ball
1-0: Called Strike
1-1: Ball
2-1: Foul Ball, location: 2F
2-2: Fly out, F3 (Popup, 3F)
Batting: LHB Garrett King 0-0: Ball
1-0: Foul Ball, location: 2F
1-1: Foul Ball, location: 2F
1-2: DOUBLE (Line Drive, 7D)
Mike Wagner scores
Tim Griffith to third
Batting: LHB Rob Davidson 0-0: Ball
1-0: Called Strike
1-1: Called Strike
1-2: Ball
2-2: Foul Ball, location: 2F
2-2: Ball
3-2: Foul Ball, location: 2F
3-2: Base on Balls
Pitching: RHP Alex Pruitt
Batting: RHB Pat McDonald 0-0: Fly out, F8 (Flyball, 8LD)
Runner from 3rd tags up, SCORES, throw made
Batting: RHB Abraham Hardy 0-0: Called Strike
0-1: Ball
1-1: Called Strike
1-2: Ball
2-2: Ball
3-2: Foul Ball, location: 2F
3-2: Foul Ball, location: 2F
3-2: Strikes out swinging
Top of the 5th over - 2 runs, 3 hits, 0 errors, 2 left on base; Buffalo 5 - Reading 0
BOTTOM OF THE 5TH
Reading Rainbows batting - Pitching for Buffalo LightSabres : RHP Stan Payne
Batting: RHB José Moreno 0-0: Called Strike
0-1: Ball
1-1: Ball
2-1: Foul Ball, location: 2F
2-2: Ball
3-2: Strikes out swinging
Batting: RHB Spike Kennedy 0-0: SINGLE (Line Drive, 89S)
Batting: SHB Johnny Jackson 0-0: Called Strike
0-1: Swinging Strike
0-2: Ball
1-2: Foul Ball, location: 2F
1-2: Strikes out swinging
Batting: RHB Jesús Chávez 0-0: Foul Ball, location: 2F
0-1: Called Strike
0-2: Ground out 1-3 (Groundball, 13S)
Bottom of the 5th over - 0 runs, 1 hit, 0 errors, 1 left on base; Buffalo 5 - Reading 0
TOP OF THE 6TH
Buffalo LightSabres batting - Pitching for Reading Rainbows : RHP Alex Pruitt
Batting: RHB Sean King 0-0: Ball
1-0: Foul Ball, location: 2F
1-1: Foul Ball, location: 2F
1-2: Strikes out swinging
Batting: LHB Júlio Córdova 0-0: Swinging Strike
0-1: Swinging Strike
0-2: Ball
1-2: Ball
2-2: Strikes out swinging
Batting: RHB Mike Wagner 0-0: Called Strike
0-1: Swinging Strike
0-2: Strikes out swinging
Top of the 6th over - 0 runs, 0 hits, 0 errors, 0 left on base; Buffalo 5 - Reading 0
BOTTOM OF THE 6TH
Reading Rainbows batting - Pitching for Buffalo LightSabres : RHP Stan Payne
Batting: LHB Ismael Barajas 0-0: Ball
1-0: Fly out, F7 (Flyball, 7D)
Batting: LHB Ramón Morán 0-0: Ball
1-0: Called Strike
1-1: Ground out 5-3 (Groundball, 56S)
Batting: LHB Víctor Peña 0-0: Fly out, F8 (Flyball, 8RS)
Bottom of the 6th over - 0 runs, 0 hits, 0 errors, 0 left on base; Buffalo 5 - Reading 0
TOP OF THE 7TH
Buffalo LightSabres batting - Pitching for Reading Rainbows : RHP Alex Pruitt
Batting: LHB Tim Griffith 0-0: Ground out U3 (Groundball, 3L)
Batting: RHB Augusto Padilla 0-0: Called Strike
0-1: Foul Ball, location: 2F
0-2: Foul Ball, location: 2F
0-2: Strikes out looking
Batting: LHB Garrett King 0-0: Ball
1-0: Called Strike
1-1: Called Strike
1-2: Strikes out swinging
Top of the 7th over - 0 runs, 0 hits, 0 errors, 0 left on base; Buffalo 5 - Reading 0
BOTTOM OF THE 7TH
Reading Rainbows batting - Pitching for Buffalo LightSabres : RHP Stan Payne
Batting: RHB Edmund Swanson 0-0: Ball
1-0: Ball
2-0: Fly out, F4 (Popup, 4M)
Batting: RHB Richard Case 0-0: Swinging Strike
0-1: Swinging Strike
0-2: Strikes out looking
Batting: RHB José Moreno 0-0: Fly out, F8 (Flyball, 8LD)
Bottom of the 7th over - 0 runs, 0 hits, 0 errors, 0 left on base; Buffalo 5 - Reading 0
TOP OF THE 8TH
Buffalo LightSabres batting - Pitching for Reading Rainbows : RHP Alex Pruitt
Batting: LHB Rob Davidson 0-0: Swinging Strike
0-1: Ball
1-1: Swinging Strike
1-2: Strikes out swinging
Batting: RHB Pat McDonald 0-0: Ground out 3-1 (Groundball, 34S)
Batting: RHB Abraham Hardy 0-0: Foul Ball, location: 2F
0-1: Swinging Strike
0-2: Foul Ball, location: 2F
0-2: Ball
1-2: Strikes out looking
Top of the 8th over - 0 runs, 0 hits, 0 errors, 0 left on base; Buffalo 5 - Reading 0
BOTTOM OF THE 8TH
Reading Rainbows batting - Pitching for Buffalo LightSabres : RHP Stan Payne
Now in RF: Peter Dixon
Batting: RHB Spike Kennedy 0-0: Ball
1-0: Ball
2-0: Ball
3-0: Base on Balls
Batting: SHB Johnny Jackson 0-0: Foul Ball, location: 2F
0-1: Swinging Strike
0-2: Ball
1-2: Grounds into double play, 5-4-3 (Groundball, 5)
Batting: RHB Jesús Chávez 0-0: Ground out 5-3 (Groundball, 5)
Bottom of the 8th over - 0 runs, 0 hits, 0 errors, 0 left on base; Buffalo 5 - Reading 0
TOP OF THE 9TH
Buffalo LightSabres batting - Pitching for Reading Rainbows : RHP Alex Pruitt
Batting: RHB Sean King 0-0: Ball
1-0: Ball
2-0: Ball
3-0: Called Strike
3-1: Base on Balls
Batting: LHB Júlio Córdova 0-0: Ball
1-0: Foul Ball, location: 2F
1-1: Called Strike
1-2: SINGLE (Groundball, 13) (infield hit)
Sean King to second
Batting: RHB Mike Wagner 0-0: Called Strike
0-1: Sac Bunt - play at first, batter safe!
Sean King to third
Júlio Córdova to second
Batting: LHB Tim Griffith 0-0: Called Strike
0-1: Swinging Strike
0-2: Foul Ball, location: 2F
0-2: Ball
1-2: Ball
2-2: Ball
3-2: Strikes out swinging
Batting: RHB Augusto Padilla 0-0: Ball
1-0: Called Strike
1-1: Ball
2-1: Ball
3-1: SINGLE (Groundball, 6MD)
Sean King scores
Júlio Córdova to third
Mike Wagner to second
Runner from 3rd tries for Home, SAFE, no throw
Batting: LHB Garrett King 0-0: Ball
Mike Wagner steals 3rd base
Augusto Padilla to second
1-0: Ground out 6-3 (Groundball, 6M)
Mike Wagner scores
Augusto Padilla to third
Batting: RHB Peter Dixon 0-0: Ball
1-0: Foul Ball, location: 2F
1-1: Called Strike
1-2: Ball
2-2: Strikes out swinging
Top of the 9th over - 3 runs, 3 hits, 0 errors, 1 left on base; Buffalo 8 - Reading 0
BOTTOM OF THE 9TH
Reading Rainbows batting - Pitching for Buffalo LightSabres : RHP Stan Payne
Pinch Hitting: RHB Hubert Brown 0-0: Ball
1-0: Ball
2-0: Ball
3-0: Base on Balls
Batting: LHB Ramón Morán 0-0: Ball
1-0: Ground out 6-3 (Groundball, 6MS)
Hubert Brown to second
Pinch Hitting: RHB Ron King 0-0: Ball
1-0: Fly out, F7 (Flyball, 78S)
Batting: RHB Edmund Swanson 0-0: Ball
1-0: Ball
2-0: SINGLE (Line Drive, 3)
Hubert Brown to third
Batting: RHB Richard Case 0-0: Ball
1-0: Foul Ball, location: 2F
1-1: Foul Ball, location: 2F
1-2: Foul Ball, location: 2F
1-2: Strikes out swinging
Bottom of the 9th over - 0 runs, 1 hit, 0 errors, 2 left on base; Buffalo 8 - Reading 0
Saturday, April 7th, 2018 - OOTP Baseball 18.8 Build 76